 Dungeon Crawl Stone Soup version 0.14.1-21-g36cd379 (webtiles) character file.

175 Kae the Firebug (level 4, -2/27 HPs)
             Began as an Octopode Fire Elementalist on June 7, 2014.
             Slain by an orc
             ... wielding a +0,+0 short sword
              (5 damage)
             ... on Level 3 of the Dungeon.
             The game lasted 00:03:13 (2767 turns).

Kae the Firebug (Octopode Fire Elementalist)        Turns: 2767, Time: 00:03:13

HP  -2/27        AC  1     Str  7      XL: 4   Next: 62%
MP   8/8         EV 12     Int 18      God:
Gold 82          SH  0     Dex 12      Spells:  1 memorised,  7 levels left

rFire  + + .     SeeInvis +     m - +2,+1 short sword
rCold  x . .     Clarity  .     (no shield)
rNeg   . . .     Conserve .     (helmet restricted)
rPois  .         rCorr    .     (no amulet)
rElec  .         rRot     .     d - ring of fire
SustAb . .       Spirit   .     l - ring of see invisible
rMut   .         Warding  .     (no ring)
Saprov . . .     Stasis   .     (no ring)
MR     .....                    (no ring)
                                (no ring)
                                (no ring)
                                (no ring)

@: not resistant to hostile enchantments, quite stealthy
A: almost no armour, amphibious, 8 rings, constrict 8, camouflage 1, fire
resistance 1, gelatinous body 1
a: no special abilities


You were on level 3 of the Dungeon.
You were not hungry.

You visited 1 branch of the dungeon, and saw 3 of its levels.

You collected 82 gold pieces.

Inventory:

Hand weapons
 m - a +2,+1 short sword (weapon)
Missiles
 p - 2 darts (quivered)
Comestibles
 c - a bread ration
 i - a chunk of giant cockroach flesh
 k - a sausage
 o - a meat ration
 q - an apple
Scrolls
 e - a scroll of magic mapping
 j - a scroll of remove curse
 n - 2 scrolls of identify
Jewellery
 d - a ring of fire (left tentacle)
 l - a ring of see invisible (right tentacle)
Potions
 a - a potion of brilliance
 f - a potion of beneficial mutation
Books
 b - a book of Flames

   Spells                             Type                      Level
   *Flame Tongue                      Conjuration/Fire             1
   Throw Flame                        Conjuration/Fire             2
   Conjure Flame                      Conjuration/Fire             3
   Inner Flame                        Hexes/Fire                   3
   Sticky Flame                       Conjuration/Fire             4
   Fireball                           Conjuration/Fire             5


   Skills:
 - Level 2.0 Dodging
 - Level 2.6 Stealth
 + Level 2.6 Spellcasting
 * Level 2.0 Conjurations
 * Level 4.3 Fire Magic


You had 7 spell levels left.
You knew the following spells:

 Your Spells              Type           Power        Failure   Level  Hunger
a - Flame Tongue          Conj/Fire      ###..        6%          1    #......


Dungeon Overview and Level Annotations

Branches:
Dungeon (3/15)

Altars:


Innate Abilities, Weirdness & Mutations

You cannot wear most types of armour.
You are amphibious.
You can wear up to eight rings at the same time.
You can use your tentacles to constrict many enemies at once.
Your skin changes colour to match your surroundings (Stlth).
Your rubbery body absorbs attacks (AC +1).
Your flesh is heat resistant.


Message History

The orc wizard casts a spell at you. The magic dart hits you!
* * * LOW HITPOINT WARNING * * *
Drink which item? (? for menu, Esc to quit)
You feel refreshed.
It was a potion of restore abilities.
You constrict the orc. The orc wizard barely misses you.
The orc completely misses you.
Drink which item? (? for menu, Esc to quit)
You feel better.
It was a potion of curing.
You constrict the orc.
You kill the orc!
The orc wizard hits you with a dagger. The orc barely misses you.
The orc wizard hits you with a dagger.
* * * LOW HITPOINT WARNING * * *
The orc wizard hits you but does no damage.
You hit the orc wizard. You grab the orc wizard.
The orc wizard is moderately wounded.
You constrict the orc wizard. The orc wizard hits you with a dagger.
* * * LOW HITPOINT WARNING * * *
The orc hits you with a short sword.
You die...

.......###.#
.###.....#.#
#.#...#.# #.#...#.#
#.......# ###...###
#...#
#.######...#####.
##....).o@........
.........o?........
##................
#######(...#$###
#....#.# #....#.#
#....# ......
......


You could see an orc wizard and an orc.

Vanquished Creatures
  3 adders (D:2)
  A worm (D:2)
  4 giant geckos (D:2)
  An ooze (D:2)
  2 orcs (D:3)
  4 bats
  5 giant cockroaches
  7 hobgoblins
  4 jackals (D:2)
  6 kobolds
  A ball python (D:2)
  3 giant newts (D:2)
  6 goblins
  6 rats
  A fungus (D:1)
54 creatures vanquished.

Notes
Turn   | Place    | Note
--------------------------------------------------------------
     0 | D:1      | Kae, the Octopode Fire Elementalist, began the quest for the Orb.
     0 | D:1      | Reached XP level 1. HP: 11/11 MP: 3/3
   165 | D:1      | Reached XP level 2. HP: 7/17 MP: 2/4
  1762 | D:2      | Reached XP level 3. HP: 21/21 MP: 6/6
  1942 | D:2      | Reached skill level 4 in Fire Magic
  2456 | D:2      | Reached XP level 4. HP: 21/27 MP: 4/8
  2760 | D:3      | Gained mutation: Your flesh is heat resistant. [potion of beneficial mutation]
  2767 | D:3      | Slain by an orc

Action                   |  1- 3 |  4- 6 || total
-------------------------+-------+-------++-------
Melee: Unarmed           |    18 |       ||    18
       Short sword       |    59 |    34 ||    93
 Cast: Flame Tongue      |    21 |     5 ||    26
  Use: Scroll            |       |     6 ||     6
       Potion            |       |     3 ||     3
 Stab: Sleeping          |     1 |       ||     1
